 Dungeon Crawl Stone Soup version 0.31-a0-1522-g43313d8a59 (webtiles) character file.

Game seed: 4759225933582695139

2148 wildpjah the Ducker (level 9, 0/61 (68) HPs)
             Began as a Merfolk Gladiator on Dec 31, 2023.
             Was a Follower of Uskayaw.
             Slain by a wight
             ... wielding a +3 falchion
              (6 damage)
             ... on level 6 of the Dungeon.
             The game lasted 00:18:34 (5356 turns).

wildpjah the Ducker (Merfolk Gladiator)             Turns: 5356, Time: 00:18:38

HP:   0/61 (68)     AC:  8    Str: 15    XL:     9   Next: 31%
MP:   2/9           EV: 16    Int:  7    God:    Uskayaw [*.....]
Gold: 295           SH:  0    Dex: 19    Spells: 8/8 levels left

rFire   . . .        C - +4 rapier (drain)
rCold   . . .        (no shield)
rNeg    . . .        b - +0 leather armour
rPois   .            c - +0 helmet
rElec   .            r - +0 cloak
rCorr   .            (no gloves)
SInv    .            t - +2 pair of boots
Will    +....        (no amulet)
Stlth   ++           d - ring of willpower
HPRegen 0.30/turn    (no ring)
MPRegen 0.11/turn

%: no passive effects
@: on fire, glowing, heavily drained
A: (nimble swimmer 2), mertail, sense surroundings 1, screaming 1, wild magic 1
a: Renounce Religion, Stomp


You were on level 6 of the Dungeon.
You worshipped Uskayaw.
Uskayaw was noncommittal.
You visited 1 branch of the dungeon, and saw 6 of its levels.

You collected 295 gold pieces.

Inventory:

Hand Weapons
 a - a +0 long sword
 e - a +0 short sword of venom
 o - a +0 short sword
 x - a +0 falchion
 C - a +4 rapier of draining (weapon)
Missiles
 k - a javelin
 l - 3 boomerangs
 B - 3 throwing nets
Armour
 b - a +0 leather armour (worn)
 c - a +0 helmet (worn)
 r - a +0 cloak (worn)
 t - a +2 pair of boots (worn)
Jewellery
 d - a ring of willpower (left hand)
 v - a ring of magical power
Wands
 s - a wand of paralysis (12)
Scrolls
 f - 5 scrolls of teleportation {unknown}
 h - 2 scrolls of enchant armour {unknown}
 i - 4 scrolls of amnesia {unknown}
 j - 3 scrolls of identify
 n - a scroll of silence {unknown}
 p - 3 scrolls of vulnerability {unknown}
 q - a scroll of enchant weapon {unknown}
 u - 2 scrolls of poison {unknown}
 w - a scroll of fear
 y - 2 scrolls of blinking {unknown}
Potions
 g - 3 potions of magic
 m - 2 potions of mutation
 A - a potion of lignification {unknown}


   Skills:
 + Level 5.4 Fighting
 + Level 5.7(7.2) Short Blades
 + Level 6.6(7.7) Long Blades
 + Level 2.7 Throwing
 + Level 3.4 Armour
 + Level 7.5 Dodging
 + Level 5.7 Stealth
 + Level 0.2 Evocations


You had 8 spell levels left.
You didn't know any spells.
Your spell library contained the following spells:

 Spells                   Type           Power      Damage    Failure   Level
 Call Canine Familiar     Summ           0%         N/A       90%         3
 Sigil of Binding         Hex            0%         N/A       90%         3
 Dimensional Bullseye     Hex/Tloc       0%         N/A       100%        4


Dungeon Overview and Level Annotations

Branches:
Dungeon (6/15)
 Temple: D:4-7

Altars:
Dithmenos
Makhleb
Qazlal
Uskayaw

Shops:
D:5 [


Innate Abilities, Weirdness & Mutations

((You are very nimble when in or above water. (Stealth+, EV+, Speed+++)))
Your lower body shifts to a powerful aquatic tail in water.
You passively map a small area around you.
You occasionally shout uncontrollably at your foes.
Your spells are a little harder to cast, but a little more powerful.


Message History

You hit the wight.
The wight is lightly damaged.
The liquid fire burns you! The wight closely misses you. The wight misses you.
You can now pass through a line of other dancers.
You hit the wight but do no damage.
The wight is lightly damaged.
The liquid fire burns you! The wight hits you but does no damage.
The wight misses you. The wight completely misses you.
You hit the wight but do no damage.
The wight is lightly damaged.
The liquid fire burns you!
The wight hits you from afar with a +1 halberd!
* * * LOW HITPOINT WARNING * * *
The wight hits you with a +3 falchion!
* * * LOW HITPOINT WARNING * * *
You feel drained.
* * * LOW HITPOINT WARNING * * *
The wight barely misses you. x2
Aiming: Line Pass
Press: ? - help, Dir - move target The wight appears confused.
You shake off some of the fire as you move.
You can no longer pass through a line of other dancers.
The liquid fire burns you!
* * * LOW HITPOINT WARNING * * *
It was a potion of heal wounds.
You feel much better. The liquid fire burns you! The wight barely misses you.
As you read the scroll labelled XAGILU SEISCH, it crumbles to dust.
It is a scroll of identify.
w - a scroll of fear The liquid fire burns you!
The wight seems less confused.
The wight hits you from afar with a +1 halberd!
You feel drained. The wight hits you with a +3 falchion!
* * * LOW HITPOINT WARNING * * *
You feel drained.
You die...

*.. ...####>.,.#. ...... ,
#..* *#[..##...* ..
#...... ##..####.......#
##.##..... ,
#...#.#........###.......#
,
............B..#.###.....#
#..................#.)...#
..............[z#..#.##.##
....#..####...zzz.....#*#
#.......#.......@....##
######..##.......##..#
#######...##.....#####
...(..#.8.###.....#
≈≈≈≈≈≈#...# ###..##
....†.....#####..#
...))..†.....##.##
≈≈≈≈≈≈#...##....#
.....(#.8.# ,.###


You could see a bombardier beetle and 4 wights.

Vanquished Creatures
  Grinder (D:3)
  Sigmund (D:2)
  Eustachio (D:6)
  2 water moccasins
  Duvessa (D:4)
  A black bear (D:5)
  A sky beast (D:6)
  2 ogres
  Blork the orc (D:4)
  A gnoll sergeant (D:6)
  2 scorpions
  Dowan (D:4)
  A bombardier beetle (D:3)
  3 jellies
  A hound (D:4)
  2 orc priests
  2 sleepcaps
  Jessica (D:2)
  2 iguanas
  A gnoll bouda (D:6)
  Natasha (D:3)
  An orc wizard (D:5)
  Robin (D:2)
  6 gnolls (D:6)
  6 adders
  A white imp (D:5)
  4 ufetubi (D:5)
  3 dart slugs
  2 ribbon worms
  13 orcs
  7 ball pythons
  5 bats
  6 endoplasms
  7 giant cockroaches
  13 goblins
  8 hobgoblins
  16 jackals
  6 kobolds
  3 quokkas
  3 frilled lizards (D:1)
140 creatures vanquished.

Notes
Turn   | Place    | Note
-------+----------+-------------------------------------------
     0 | D:1      | wildpjah the Merfolk Gladiator began the quest for the Orb.
     0 | D:1      | Reached XP level 1. HP: 16/16 MP: 1/1
    71 | D:1      | Reached XP level 2. HP: 21/23 MP: 2/2
   459 | D:1      | Reached XP level 3. HP: 28/28 MP: 3/3
   577 | D:1      | Found a faded altar of an unknown god.
   987 | D:2      | Noticed Jessica
   987 | D:2      | Noticed Sigmund
  1126 | D:2      | Noticed Robin
  1190 | D:2      | Killed Robin
  1191 | D:2      | Reached XP level 4. HP: 25/34 MP: 4/4
  1241 | D:2      | Noticed an ogre
  1326 | D:1      | Killed an ogre
  1327 | D:1      | Reached skill level 5 in Long Blades
  1327 | D:1      | Reached skill level 5 in Dodging
  1327 | D:1      | Reached XP level 5. HP: 41/41 MP: 5/5
  1345 | D:2      | Killed Sigmund
  1346 | D:2      | Reached skill level 1 in Armour
  1346 | D:2      | Reached skill level 1 in Stealth
  1346 | D:2      | Reached XP level 6. HP: 33/47 MP: 6/6
  1921 | D:2      | Killed Jessica
  2144 | D:3      | Gained mutation: You occasionally shout uncontrollably at
                  | your foes. [potion of mutation]
  2144 | D:3      | Gained mutation: Your spells are a little harder to cast,
                  | but a little more powerful. [potion of mutation]
  2144 | D:3      | Gained mutation: You passively map a small area around you.
                  | [potion of mutation]
  2332 | D:3      | Noticed Grinder
  2373 | D:3      | Paralysed by Grinder for 4 turns
  2400 | D:3      | Killed Grinder
  2401 | D:3      | Reached skill level 1 in Short Blades
  2401 | D:3      | Reached skill level 6 in Dodging
  2401 | D:3      | Reached XP level 7. HP: 29/54 MP: 7/7
  2536 | D:3      | Found a shadowy altar of Dithmenos.
  2647 | D:3      | Noticed Natasha
  2656 | D:3      | Killed Natasha
  2781 | D:3      | Found a burning altar of Makhleb.
  2791 | D:3      | Found a stormy altar of Qazlal.
  2867 | D:4      | Noticed Blork the orc
  2879 | D:4      | Killed Blork the orc
  3372 | D:4      | Noticed Duvessa
  3373 | D:4      | Noticed Dowan
  3394 | D:4      | Killed Duvessa
  3395 | D:4      | Reached XP level 8. HP: 28/60 MP: 8/8
  3400 | D:4      | Killed Dowan
  3542 | D:4      | Noticed a +0 hand axe
  3542 | D:4      | Noticed a +0 dagger
  3543 | D:4      | Found a hide-covered altar of Uskayaw.
  3590 | D:4      | Became a worshipper of Uskayaw the Reveller
  3948 | D:5      | Entered Level 5 of the Dungeon
  3963 | D:5      | Reached * piety under Uskayaw
  3975 | D:5      | Reached ** piety under Uskayaw
  4791 | D:5      | Reached skill level 5 in Fighting
  5010 | D:5      | Found Hium Xit's Antique Armour Boutique.
  5029 | D:5      | You fall into a shaft and drop 1 floor!
  5040 | D:6      | Reached skill level 5 in Stealth
  5044 | D:6      | Reached skill level 7 in Dodging
  5063 | D:6      | Reached XP level 9. HP: 56/68 MP: 9/9
  5065 | D:6      | Reached *** piety under Uskayaw
  5067 | D:6      | Reached skill level 5 in Short Blades
  5067 | D:6      | Reached **** piety under Uskayaw
  5311 | D:6      | Noticed Eustachio
  5330 | D:6      | Killed Eustachio
  5354 | D:6      | HP: 3/64 [burnt (3)]
  5356 | D:6      | Slain by a wight

Illustrated notes

Levels and vault maps discovered:
D:1:      minmay_arrival_four_houses, layout_basic,
          dreamdust_ecumenical_altar_angels_and_demons
D:2:      layout_basic, hangedman_decor_points, st_stairs_11,
          minmay_misc_feat_room, uniq_robin, uniq_jessica, uniq_sigmund
D:3:      layout_rooms, general_overflow_altar, minitemple,
          kennysheep_generic_room_2, uniq_grinder, uniq_natasha
D:4:      layout_basic, dancing_weapons_uskayaw,
          nicolae_concentric_dashed_squares_wild, uniq_blork_the_orc,
          uniq_duvessa
D:5:      layout_basic, grunt_ashenzari_visionary
          [grunt_ashenzari_visionary_swamp, grunt_ashenzari_visionary_spider],
          serial_shops, shop
D:6:      layout_cave_pools, serial_gnoll_camp, gnoll_camp_huts_basic,
          gnoll_camp_medium_01, gnoll_camp_mini_hut, gnoll_camp_mini_house,
          gnoll_camp_mini_loothouse, gnoll_camp_mini_hut, uniq_eustachio

Skill      XL: |  1  2  3  4  5  6  7  8  9 |
---------------+----------------------------+-----
Long Blades    | 4 5 6 |  6.6
Fighting       | 3 4 5 |  5.4
Dodging        | 5 6 7 |  7.5
Armour         | 1 2 3 |  3.4
Stealth        | 1 2 3 5 |  5.7
Short Blades   | 1 2 4 5 |  5.7
Throwing       | |  2.7
Evocations     | |  0.2

Action                     |  1- 3 |  4- 6 |  7- 9 || total
---------------------------+-------+-------+-------++-------
  Melee: Long sword        |   116 |    64 |     5 ||   185
         Punch             |     1 |     1 |     6 ||     8
         Short sword       |       |    46 |   357 ||   403
         Tailslap          |       |       |     7 ||     7
         Rapier            |       |       |     5 ||     5
         Falchion          |       |       |     1 ||     1
  Throw: Throwing net      |       |     3 |       ||     3
         Boomerang         |       |     1 |       ||     1
         Javelin           |       |     1 |     1 ||     2
 Invoke: Stomp             |       |       |     7 ||     7
         Line Pass         |       |       |     4 ||     4
  Evoke: Wand              |       |       |     2 ||     2
    Use: Potion            |       |     4 |     1 ||     5
         Scroll            |       |       |     1 ||     1
   Stab: Sleeping          |     2 |       |    10 ||    12
         Held in net/web   |       |     4 |       ||     4
         Paralysed         |       |       |     9 ||     9
         Distracted        |       |       |     1 ||     1
         Confused          |       |       |     1 ||     1
 Armour: Leather armour    |    81 |    36 |   160 ||   277
  Dodge: Dodged            |   139 |    65 |   263 ||   467

Table legend: (Time is in decaauts)
 A = Elapsed time spent in this place.
 B = Non-inter-level travel time spent in this place.
 C = Inter-level travel time spent in this place.
 D = Time resting spent in this place.
 E = Time spent auto-exploring this place.
 F = Levels seen in this place.
 G = Mean time per level.
                   A        B        C        D        E       F      G
               +--------+--------+--------+--------+--------+-----+--------+
         Total |   5256 |   5054 |    202 |     25 |   3790 |   6 |  876.0 |
       Dungeon |   5256 |   5054 |    202 |     25 |   3790 |   6 |  876.0 |
               +--------+--------+--------+--------+--------+-----+--------+

Top non-repeatable levels by time:
     D:4: 1087 daAuts
     D:2: 1087 daAuts
     D:5: 1044 daAuts
     D:1: 891 daAuts
     D:3: 849 daAuts
     D:6: 297 daAuts
